[Event "Titled Tuesday Blitz November 01 Late 2022"]
[White "Mickiewicz, Piotr"]
[Black "Martinez Molina, Carlos Alberto"]
[WhiteFideId "1114891"]
[BlackFideId "5122708"]
[WhiteElo "2246"]
[BlackElo "2212"]
[Result "1-0"]
[Round "10"]
[TimeControl "180+1"]
[Date "2022.11.02"]
[WhiteClock "0:00:19"]
[BlackClock "0:00:09"]

1. e4 c5 2. Nf3 e6 3. c3 Nf6 4. d3 d5 5. Nbd2 Nc6 6. Be2 Be7 7. O-O O-O 8. a3 b5 9. Re1 a5 10. a4 b4 11. Qc2 Ba6 12. Bf1 Rc8 13. g3 Qd7 14. exd5 Qxd5 15. Ne4 Rfd8 16. c4 Qd7 17. Be3 Nxe4 18. dxe4 Nd4 19. Bxd4 cxd4 20. b3 d3 21. Qd2 Bc5 22. Rad1 Qa7 23. Ne5 Bb7 24. Nxd3 Rxd3 25. Bxd3 Rd8 26. Qe2 Bd4 27. Rf1 e5 28. Kg2 f5 29. f3 f4 30. gxf4 exf4 31. Kh1 Qc5 32. e5 Re8 33. Be4 Bxe4 34. Qxe4 Rxe5 35. Qxd4 1-0


[Site "https://www.chess.com"]

[Event "Titled Tuesday Blitz November 01 Late 2022"]
[White "Moreno Perez, Tobias Sebastian"]
[Black "Freile Martin, Javier"]
[WhiteFideId "186716"]
[BlackFideId "3600165"]
[WhiteElo "2521"]
[BlackElo "2401"]
[Result "0-1"]
[Round "10"]
[TimeControl "180+1"]
[Date "2022.11.02"]
[WhiteClock "0:01:05"]
[BlackClock "0:00:16"]

1. Nf3 Nf6 2. b3 d6 3. d4 Nbd7 4. Bb2 g6 5. e3 Bg7 6. Be2 a5 7. a4 O-O 8. O-O b6 9. c4 Bb7 10. Nc3 e6 11. Rc1 Re8 12. Bd3 c6 13. e4 e5 14. d5 cxd5 15. cxd5 Nc5 16. Bb5 Rf8 17. Nd2 Bh6 18. Re1 Bxd2 19. Qxd2 Nxb3 20. Qh6 Nxc1 21. Bxc1 Ng4 22. Qh3 Bc8 23. Qg3 f5 24. h3 f4 25. Qd3 Nf6 26. Bc6 Ra7 27. Ba3 Ba6 28. Qb1 g5 29. f3 h5 30. Bb5 Bc8 31. Be2 Rg7 32. Nb5 Ne8 33. Rc1 g4 34. hxg4 hxg4 35. Rc6 Ba6 36. fxg4 f3 37. Bxf3 Qh4 38. Rxb6 Rxf3 39. Rxa6 Qf2+ 0-1


[Site "https://www.chess.com"]

[Event "Titled Tuesday Blitz November 01 Late 2022"]
[White "Muhammad, Shahzeb"]
[Black "Romero Ruscalleda, Josep"]
[WhiteFideId "7804806"]
[BlackFideId "2231859"]
[WhiteElo "2392"]
[BlackElo "2302"]
[Result "0-1"]
[Round "10"]
[TimeControl "180+1"]
[Date "2022.11.02"]
[WhiteClock "0:00:08"]
[BlackClock "0:00:30"]

1. e4 g6 2. d4 Bg7 3. Nc3 d6 4. Bg5 Nd7 5. Qd2 c5 6. dxc5 Nxc5 7. Bb5+ Bd7 8. Bxd7+ Qxd7 9. Nge2 Rc8 10. O-O Nf6 11. Ng3 O-O 12. Bh6 b5 13. a3 Qe6 14. Rfe1 Ng4 15. Bxg7 Kxg7 16. Nxb5 a6 17. Nd4 Qf6 18. f4 e5 19. fxe5 dxe5 20. Rf1 Qb6 21. h3 Qxb2 22. Ndf5+ gxf5 23. Qg5+ Kh8 24. hxg4 Qb6 25. Nxf5 Nxe4+ 26. Kh1 Nxg5 0-1


[Site "https://www.chess.com"]

[Event "Titled Tuesday Blitz November 01 Late 2022"]
[White "O`Gorman, Tom"]
[Black "Wieczorek, Zbigniew"]
[WhiteFideId "2508249"]
[BlackFideId "1102001"]
[WhiteElo "2271"]
[BlackElo "2318"]
[Result "1-0"]
[Round "10"]
[TimeControl "180+1"]
[Date "2022.11.02"]
[WhiteClock "0:01:45"]
[BlackClock "0:00:08"]

1. e4 g6 2. Nc3 Bg7 3. Nf3 c6 4. h4 h5 5. Bc4 d5 6. exd5 b5 7. Bb3 b4 8. Ne2 cxd5 9. d4 Nf6 10. Ne5 O-O 11. Bg5 a5 12. c3 Ba6 13. Nf4 Qd6 14. Qf3 bxc3 15. bxc3 Nbd7 16. Nxd7 Qxd7 17. Nxd5 Nxd5 18. Qxd5 Qc7 19. Rh3 Bb7 20. Qc4 Qxc4 21. Bxc4 Bxg2 22. Re3 e6 23. Rb1 Rfc8 24. Bb5 Rc7 25. Kd2 Rb7 26. a4 Rab8 27. Bf4 Rc8 28. Be5 Bxe5 29. Rxe5 Rcb8 30. c4 Bc6 31. Kc3 Bxb5 32. Rexb5 Rxb5 33. axb5 Kf8 34. c5 Ke7 35. Kc4 Kd7 36. Ra1 Ra8 37. d5 exd5+ 38. Kxd5 Kc7 39. Kc4 Kb7 40. Re1 a4 41. Re7+ Kb8 42. Rxf7 a3 43. Rf8+ Kb7 44. Rxa8 Kxa8 45. Kb3 Kb7 46. Kxa3 g5 47. hxg5 h4 48. g6 h3 49. g7 h2 50. g8=Q h1=Q 51. Qf7+ Kb8 52. Qe8+ Kc7 53. Qc6+ Qxc6 54. bxc6 Kxc6 55. Kb4 1-0


[Site "https://www.chess.com"]

[Event "Titled Tuesday Blitz November 01 Late 2022"]
[White "Pace, Christopher"]
[Black "Petrovic, Aleksa"]
[WhiteFideId "2610167"]
[BlackFideId "967629"]
[WhiteElo "2307"]
[BlackElo "2242"]
[Result "1-0"]
[Round "10"]
[TimeControl "180+1"]
[Date "2022.11.02"]
[WhiteClock "0:01:54"]
[BlackClock "0:01:25"]

1. b3 e5 2. Bb2 Nc6 3. e3 Nh6 4. Nf3 d6 5. d4 e4 6. d5 Ne7 7. Ng5 f5 8. Qh5+ Ng6 9. Bb5+ Ke7 10. Nxh7 Rxh7 11. Qxg6 Rh8 12. Qg5+ 1-0


[Site "https://www.chess.com"]

[Event "Titled Tuesday Blitz November 01 Late 2022"]
[White "Paravyan, David"]
[Black "Vusatiuk, Vladimir"]
[WhiteFideId "4194985"]
[BlackFideId "14118610"]
[WhiteElo "2555"]
[BlackElo "2208"]
[Result "0-1"]
[Round "10"]
[TimeControl "180+1"]
[Date "2022.11.01"]
[WhiteClock "0:00:01"]
[BlackClock "0:01:19"]

1. e4 c5 2. Nf3 d6 3. d4 cxd4 4. Nxd4 Nf6 5. Nc3 a6 6. Bg5 e6 7. f4 Qb6 8. Qd2 Qxb2 9. Rb1 Qa3 10. f5 Nc6 11. fxe6 Bxe6 12. Rxb7 Nxd4 13. Qxd4 Be7 14. Bc4 Rc8 15. Nd5 Bxd5 16. Bxd5 Nxd5 17. Qxd5 Qc3+ 18. Ke2 Qxc2+ 19. Bd2 Rc5 20. Rc1 Qxc1 21. Bxc1 Rxd5 22. exd5 h5 23. g3 h4 24. g4 f5 25. g5 Rh5 26. g6 f4 27. Rb8+ Kd7 28. Rb7+ Ke8 29. Ra7 Rxd5 30. Rxa6 Rg5 31. Bxf4 Rxg6 32. Kf3 Kd7 33. a4 Rg1 34. Be3 Ra1 35. Bd4 Ra3+ 36. Kg4 g5 37. Kf5 Rf3+ 38. Ke4 g4 39. Kd5 Rf5+ 40. Ke4 Ke6 41. Ra8 Rf3 42. Bb6 d5+ 43. Kd4 g3 44. hxg3 h3 45. Ra6 Bf6+ 46. Kc5 h2 47. Bd8+ Kf7 48. Ra7+ Kg6 49. Bxf6 Rxf6 0-1


[Site "https://www.chess.com"]

[Event "Titled Tuesday Blitz November 01 Late 2022"]
[White "Pavlidou, Ekaterini"]
[Black "Zanette, Edgard Vinicius"]
[WhiteFideId "4213262"]
[BlackFideId "2109263"]
[WhiteElo "2125"]
[BlackElo "2236"]
[Result "1-0"]
[Round "10"]
[TimeControl "180+1"]
[Date "2022.11.02"]
[WhiteClock "0:01:08"]
[BlackClock "0:00:15"]

1. d4 Nf6 2. c4 e6 3. Nc3 Bb4 4. e3 O-O 5. Ne2 d5 6. a3 Be7 7. cxd5 Nxd5 8. e4 Nb6 9. g3 c5 10. Bg2 cxd4 11. Nxd4 Bf6 12. Nde2 Qxd1+ 13. Nxd1 Nc6 14. O-O Nc4 15. f4 Nd4 16. Nxd4 Bxd4+ 17. Kh1 e5 18. f5 Bd7 19. Ra2 Bb5 20. Re1 Rac8 21. b3 Nd6 22. Be3 Bxe3 23. Nxe3 Rc3 24. Rd2 Rxe3 25. Rxe3 Rc8 26. Re1 Ne8 27. a4 Bc6 28. Rc1 Nf6 29. Kg1 Re8 30. Rc4 h5 31. h3 Kf8 32. Rd6 Rc8 33. b4 Ke7 34. Rd2 Bd7 35. Rxc8 Bxc8 36. Kf2 Bd7 37. b5 b6 38. Ke3 Ne8 39. g4 Nd6 40. Bf1 hxg4 41. hxg4 Nb7 42. Rd5 f6 43. g5 Nc5 44. g6 Nxa4 45. Rd2 Nc3 46. Rh2 Bxb5 47. Bxb5 Nxb5 48. Rh7 Kf8 49. Rh8+ Ke7 50. Rg8 a5 51. Rxg7+ Ke8 52. Rb7 a4 53. g7 1-0


[Site "https://www.chess.com"]

[Event "Titled Tuesday Blitz November 01 Late 2022"]
[White "Perez Cruz, Adianet"]
[Black "Curtis, John"]
[WhiteFideId "3510115"]
[BlackFideId "3200256"]
[WhiteElo "2146"]
[BlackElo "2203"]
[Result "0-1"]
[Round "10"]
[TimeControl "180+1"]
[Date "2022.11.02"]
[WhiteClock "0:00:35"]
[BlackClock "0:00:41"]

1. d4 Nf6 2. Bg5 e6 3. e4 d5 4. e5 h6 5. Bxf6 gxf6 6. f4 c5 7. c3 Bd7 8. Bd3 Qb6 9. Qb3 c4 10. Qxb6 axb6 11. Bc2 f5 12. Nd2 b5 13. a3 b4 14. cxb4 Bxb4 15. Kd1 c3 16. Nb1 cxb2 17. Ra2 Nc6 18. Ne2 Ra7 19. Rxb2 Bxa3 20. Nxa3 Rxa3 21. Rxb7 Ra1+ 22. Bb1 Ra4 23. Kd2 Ke7 24. Bc2 Ra2 25. Rhb1 Rg8 26. g3 Rga8 27. Kd1 Ra1 28. Kd2 Rxb1 29. Bxb1 Na5 30. Rc7 Nc4+ 31. Kc1 Kd8 32. Rc5 Ba4 33. Nc3 h5 34. Bd3 Ne3 35. Bb5 Bxb5 36. Nxb5 Ra2 37. Nd6 Rxh2 38. Rc8+ Kd7 39. Rf8 Nc2 40. Rxf7+ Kc6 41. Rf6 Nxd4 42. Rh6 Kc5 43. Nf7 Kc4 44. Ng5 Kc3 45. Kb1 Nb3 0-1


[Site "https://www.chess.com"]

[Event "Titled Tuesday Blitz November 01 Late 2022"]
[White "Poliakova, Varvara"]
[Black "Tanenbaum, Zachary"]
[WhiteFideId "13518313"]
[BlackFideId "2060850"]
[WhiteElo "1938"]
[BlackElo "2175"]
[Result "0-1"]
[Round "10"]
[TimeControl "180+1"]
[Date "2022.11.02"]
[WhiteClock "0:00:01"]
[BlackClock "0:00:10"]

1. f4 d5 2. Nf3 Nf6 3. g3 c5 4. Bg2 Nc6 5. O-O Bf5 6. d3 e6 7. Nc3 d4 8. e4 dxe3 9. Bxe3 Ng4 10. Bd2 c4 11. h3 Bc5+ 12. Kh1 Nf2+ 13. Rxf2 Bxf2 14. g4 Bg6 15. f5 exf5 16. gxf5 cxd3 17. fxg6 hxg6 18. cxd3 Qxd3 19. Qe2+ Qxe2 20. Nxe2 O-O-O 21. Bc3 Rhe8 22. Bf1 f6 23. Kg2 Bb6 24. Nf4 g5 25. Nh5 Re7 26. Re1 Rxe1 27. Nxe1 Ba5 28. Bxa5 Nxa5 29. Nxg7 Rd2+ 30. Kg3 Rxb2 31. Nh5 f5 32. Bd3 f4+ 33. Kg4 Rxa2 34. Nf3 Rg2+ 35. Kf5 Nc6 36. Nxg5 Ne7+ 37. Kf6 Nd5+ 38. Kg6 f3 39. Be4 Ne7+ 40. Kf6 Ng8+ 41. Kf5 Ne7+ 42. Kf4 a5 43. Nxf3 a4 44. Nd4 Rh2 45. Nb5 Rxh3 46. Bf3 Kb8 47. Nf6 Ng6+ 48. Kg4 Rh2 49. Nd7+ Kc8 50. Nb6+ Kd8 51. Nxa4 Ne5+ 52. Kg3 Nxf3 53. Kxf3 Rh5 54. Nd4 Rg5 55. Ne6+ Kd7 56. Nxg5 Kc6 57. Ke4 Kb5 58. Nc3+ Kc4 59. Nd1 b5 60. Nf3 Kb3 61. Ne1 b4 62. Kd3 Ka3 63. Nc2+ Kb3 64. Nce3 Ka2 65. Nc4 Kb1 66. Ndb2 b3 67. Kc3 Kc1 68. Kd4 Kc2 69. Ke5 Kc3 70. Ke4 Kc2 71. Kd4 Kc1 72. Kc3 Kb1 73. Ne3 Kc1 74. Nec4 Kb1 75. Nb6 Kc1 76. Nd3+ Kb1 77. Nc4 Ka2 78. Ncb2 Ka3 79. Nc4+ Ka2 80. Nb4+ Kb1 81. Nd2+ Kc1 82. Nd3+ Kd1 83. Ne4 Ke2 84. Nb2 Ke3 85. Nd2 Ke2 86. Ndc4 Kf3 87. Kd4 Kf4 88. Nd6 Kf3 89. Ne4 Ke2 90. Nc3+ Kd2 91. Nc4+ Kc2 92. Na4 Kd1 93. Ncb2+ Kc2 94. Ke3 Kc1 95. Ke2 Kc2 96. Ke3 Kb1 97. Kd2 Ka2 98. Kc3 Ka3 99. Nc5 Ka2 100. Nbd3 Kb1 101. Na4 Ka1 102. Nac5 Ka2 0-1


[Site "https://www.chess.com"]

[Event "Titled Tuesday Blitz November 01 Late 2022"]
[White "Postny, Evgeny"]
[Black "Predke, Alexandr"]
[WhiteFideId "2804344"]
[BlackFideId "24107581"]
[WhiteElo "2473"]
[BlackElo "2614"]
[Result "1/2-1/2"]
[Round "10"]
[TimeControl "180+1"]
[Date "2022.11.01"]
[WhiteClock "0:00:31"]
[BlackClock "0:00:09"]

1. Nf3 c5 2. c4 Nc6 3. g3 g6 4. Bg2 Bg7 5. O-O e5 6. Nc3 Nge7 7. Ne1 O-O 8. Nc2 f5 9. d3 f4 10. Rb1 a5 11. Nd5 Nxd5 12. cxd5 Nb4 13. a3 Nxc2 14. Qxc2 d6 15. b4 axb4 16. axb4 b6 17. bxc5 bxc5 18. Bd2 Bg4 19. Bc3 f3 20. exf3 Bxf3 21. Rb7 Qf6 22. Bxf3 Qxf3 23. Qb3 Bh6 24. Qc4 Be3 25. Rb2 Ra1 26. Rxa1 Bxf2+ 27. Rxf2 Qxf2+ 28. Kh1 Qe2 29. Kg1 Qe3+ 30. Kh1 Qf3+ 31. Kg1 Qf2+ 32. Kh1 Qf3+ 33. Kg1 Qe3+ 34. Kh1 Qf3+ 1/2-1/2


[Site "https://www.chess.com"]

[Event "Titled Tuesday Blitz November 01 Late 2022"]
[White "Qashashvili, Alexandre"]
[Black "Clawitter, Craig"]
[WhiteFideId "13600842"]
[BlackFideId "2023105"]
[WhiteElo "2405"]
[BlackElo "2307"]
[Result "1-0"]
[Round "10"]
[TimeControl "180+1"]
[Date "2022.11.02"]
[WhiteClock "0:00:05"]
[BlackClock "0:00:01"]

1. e4 e6 2. Nf3 d5 3. Nc3 Nf6 4. e5 Nfd7 5. d4 c5 6. dxc5 Nc6 7. Bf4 Bxc5 8. Bd3 f6 9. exf6 Nxf6 10. O-O O-O 11. Ne5 Bd7 12. Nxd7 Qxd7 13. Re1 e5 14. Bxe5 Nxe5 15. Rxe5 Bxf2+ 16. Kh1 Bd4 17. Bxh7+ Kxh7 18. Qxd4 Rae8 19. Nxd5 Ng4 20. Rxe8 Rxe8 21. h3 Ne5 22. Re1 Qd6 23. Qh4+ Kg8 24. Nf4 Rf8 25. Nh5 Ng6 26. Qg5 Rf7 27. Qg4 Kh7 28. Ng3 Qf4 29. Nh5 Qxg4 30. hxg4 Rf2 31. Re6 Rxc2 32. b4 Rxa2 33. Rd6 Rb2 34. Rd7 Kh6 35. Rxg7 Rb1+ 36. Kh2 Rxb4 37. Nf6 Kg5 38. Kg3 Rb3+ 39. Kh2 Rb2 40. Rf7 1-0


[Site "https://www.chess.com"]

[Event "Titled Tuesday Blitz November 01 Late 2022"]
[White "Rios Escobar, Adan"]
[Black "Winkels, Marcel"]
[WhiteFideId "3403645"]
[BlackFideId "1003887"]
[WhiteElo "2344"]
[BlackElo "1900"]
[Result "1-0"]
[Round "10"]
[TimeControl "180+1"]
[Date "2022.11.02"]
[WhiteClock "0:00:08"]
[BlackClock "0:00:01"]

1. d4 Nf6 2. g3 g6 3. Bg2 c6 4. e4 d6 5. a4 Nbd7 6. Ne2 e5 7. O-O Bg7 8. Nbc3 O-O 9. h3 Re8 10. Re1 a6 11. a5 b5 12. axb6 Qxb6 13. Rb1 exd4 14. Qxd4 Qxd4 15. Nxd4 c5 16. Nde2 Bb7 17. Nf4 Nb6 18. b3 g5 19. Nd3 h6 20. Bd2 Rab8 21. e5 dxe5 22. Bxb7 Rxb7 23. Nxc5 Ra7 24. Ra1 a5 25. Nb5 Rae7 26. Bxa5 e4 27. Bxb6 Nd5 28. Ra6 e3 29. fxe3 Nxe3 30. Nd6 Rb8 31. Na4 Nd5 32. Rxe7 Nxe7 33. c4 Nc6 34. Bc5 1-0


[Site "https://www.chess.com"]

[Event "Titled Tuesday Blitz November 01 Late 2022"]
[White "Roque Sola, Jose Luis"]
[Black "Petrova, Irina"]
[WhiteFideId "5120390"]
[BlackFideId "14124122"]
[WhiteElo "2117"]
[BlackElo "2023"]
[Result "1-0"]
[Round "10"]
[TimeControl "180+1"]
[Date "2022.11.02"]
[WhiteClock "0:01:04"]
[BlackClock "0:00:31"]

1. c4 d6 2. Nc3 e5 3. Nf3 Nc6 4. g3 f5 5. d3 Nf6 6. Bg2 g6 7. O-O Bg7 8. Bg5 h6 9. Bxf6 Qxf6 10. Nd5 Qd8 11. Rb1 O-O 12. b4 Be6 13. Nd2 Qd7 14. b5 Nd8 15. a4 Nf7 16. a5 c6 17. bxc6 bxc6 18. Nb4 Rac8 19. Qa4 Nd8 20. a6 Kh7 21. Nb3 f4 22. Na5 f3 23. exf3 Bh3 24. Na2 Bxg2 25. Kxg2 Qf5 26. Qd1 Ne6 27. Nb3 Ng5 28. Nd2 Qxd3 29. h4 Ne6 30. Nb4 Nd4 31. Nxd3 1-0


[Site "https://www.chess.com"]

[Event "Titled Tuesday Blitz November 01 Late 2022"]
[White "Rorrer, Grayson"]
[Black "Zhigalko, Sergei"]
[WhiteFideId "30944996"]
[BlackFideId "13502956"]
[WhiteElo "2130"]
[BlackElo "2662"]
[Result "1-0"]
[Round "10"]
[TimeControl "180+1"]
[Date "2022.11.01"]
[WhiteClock "0:00:06"]
[BlackClock "0:00:04"]

1. e4 c5 2. Nf3 Nc6 3. d4 cxd4 4. Nxd4 Nf6 5. Nc3 e5 6. Ndb5 d6 7. Bg5 a6 8. Na3 b5 9. Nd5 Be7 10. Bxf6 Bxf6 11. c3 Bg5 12. Nc2 Ne7 13. a4 bxa4 14. Rxa4 O-O 15. h4 Bh6 16. Bc4 a5 17. g4 Bf4 18. Nce3 Rb8 19. Ra2 Be6 20. g5 Kh8 21. Qd3 Bxe3 22. Nxe3 Ng6 23. Ng2 Qc7 24. Bd5 Ne7 25. h5 Nxd5 26. exd5 Bd7 27. Ne3 f5 28. h6 g6 29. f4 Rfe8 30. Kd2 Kg8 31. Qc4 Qb6 32. fxe5 Rxe5 33. Nc2 Bb5 34. Qd4 Re2+ 35. Kc1 Re5 36. Qxb6 Rxb6 37. Nd4 a4 38. Nxb5 Rxb5 39. Rxa4 Rbxd5 40. Ra8+ Kf7 41. Ra7+ Re7 42. Ra8 f4 43. Rh8 Ke6 44. Re1+ Re5 45. Rxe5+ dxe5 46. Rf8 Kd5 47. Rg8 f3 48. Rg7 f2 49. Rxe7 f1=Q+ 50. Kc2 Qe2+ 51. Kb1 Qd1+ 52. Ka2 Qa4+ 53. Kb1 Qd1+ 54. Ka2 e4 55. Rd7+ Kc4 56. Rxd1 e3 57. Re1 Kd3 58. b4 1-0


[Site "https://www.chess.com"]

[Event "Titled Tuesday Blitz November 01 Late 2022"]
[White "Sabar, Ethmane Daouda"]
[Black "Saucey, Michel"]
[WhiteFideId "19600097"]
[BlackFideId "601845"]
[WhiteElo "1950"]
[BlackElo "2253"]
[Result "0-1"]
[Round "10"]
[TimeControl "180+1"]
[Date "2022.11.02"]
[WhiteClock "0:00:26"]
[BlackClock "0:01:01"]

1. d4 d5 2. Nc3 Nf6 3. Bf4 a6 4. e3 e6 5. Nf3 c5 6. Be2 b5 7. a4 b4 8. Nb1 Bb7 9. dxc5 Bxc5 10. Nbd2 Nbd7 11. Nb3 Be7 12. a5 O-O 13. O-O Ne4 14. Ne5 Bf6 15. Nxd7 Qxd7 16. f3 Nd6 17. Nc5 Qc6 18. Na4 e5 19. Bg3 Nf5 20. Bf2 e4 21. Nb6 Rad8 22. Qc1 h6 23. Rd1 Rfe8 24. f4 d4 25. exd4 e3 26. Bf3 exf2+ 27. Kxf2 Qc7 28. d5 Nd4 29. d6 Rxd6 30. Bxb7 Qxb7 0-1


[Site "https://www.chess.com"]

[Event "Titled Tuesday Blitz November 01 Late 2022"]
[White "Salman, Pavel"]
[Black "Gasparyan, David"]
[WhiteFideId "24153753"]
[BlackFideId "13311980"]
[WhiteElo "2187"]
[BlackElo "2363"]
[Result "1-0"]
[Round "10"]
[TimeControl "180+1"]
[Date "2022.11.02"]
[WhiteClock "0:00:11"]
[BlackClock "0:00:17"]

1. d4 a5 2. Nc3 d6 3. e4 Nd7 4. f4 e5 5. Nf3 exd4 6. Qxd4 Ngf6 7. e5 dxe5 8. fxe5 Bc5 9. Qf4 Qe7 10. Be2 Nh5 11. Qg5 Qxg5 12. Bxg5 h6 13. Bd2 g5 14. Nd5 Bb6 15. Bc3 Rg8 16. O-O-O Nf4 17. Nxf4 gxf4 18. Nh4 Nc5 19. Bf3 Be6 20. Rd2 c6 21. Rhd1 Bd8 22. Bd4 Nd7 23. Bf2 Nxe5 24. Be4 Nc4 25. Re2 Bf6 26. Bf5 Ne3 27. Bxe3 fxe3 28. Bxe6 fxe6 29. Nf3 Kf7 30. Rxe3 Rxg2 31. Rd7+ Kg6 32. Rxe6 Rf2 33. Nd2 Kf5 34. Rdd6 Bg5 35. Re1 Re8 36. Rd1 Ree2 37. c3 a4 38. Kc2 Bf4 39. Rd3 Rxh2 40. b3 a3 41. c4 c5 42. Kc3 Be5+ 43. Kc2 Bd4 44. Rf3+ Ke6 45. Kd3 h5 46. Ne4 Rxa2 47. Ng5+ Kd7 48. Ke4 Kc6 49. Ne6 Bf2 50. Nf4 Rh4 51. Kf5 Bd4 52. Nd5 Rf2 53. Ne7+ Kd7 54. Rxf2 Kxe7 55. Re2+ Kd6 56. Ra2 Kc7 57. Rxa3 Rh2 58. Kg5 Rf2 59. Kxh5 Rf5+ 60. Kg4 Rf8 61. Ra2 Rg8+ 62. Kf5 Re8 63. Rh2 Rf8+ 64. Ke4 Re8+ 65. Kd3 Re7 66. Rh3 Rf7 67. Rdh1 Kc6 68. Rh6+ Rf6 69. Rxf6+ Bxf6 70. Rh6 Kd7 71. Rxf6 Kc7 72. Ke4 b6 73. Kd5 Kd7 74. Rxb6 Kc7 75. Kxc5 Kd7 76. Rh6 Kc7 77. Kd5 1-0


[Site "https://www.chess.com"]

[Event "Titled Tuesday Blitz November 01 Late 2022"]
[White "Santos Flores, Alberto"]
[Black "Voigt, Martin"]
[WhiteFideId "3601234"]
[BlackFideId "4607228"]
[WhiteElo "2235"]
[BlackElo "2356"]
[Result "1-0"]
[Round "10"]
[TimeControl "180+1"]
[Date "2022.11.02"]
[WhiteClock "0:01:53"]
[BlackClock "0:00:32"]

1. e4 c6 2. d4 d5 3. Nc3 dxe4 4. Nxe4 Nf6 5. Nxf6+ exf6 6. c3 Bd6 7. Bd3 O-O 8. Ne2 Re8 9. O-O Nd7 10. Ng3 Nf8 11. Qh5 Be6 12. Nf5 Bxf5 13. Qxf5 g6 14. Qf3 f5 15. Bf4 Ne6 16. Bxd6 Qxd6 17. Rfe1 Rad8 18. Bc4 Ng5 19. Qd3 b5 20. Bb3 a5 21. a4 Rxe1+ 22. Rxe1 bxa4 23. Bxa4 c5 24. Rd1 cxd4 25. Qxd4 Qxd4 26. Rxd4 Rxd4 27. cxd4 Kf8 28. Kf1 Ke7 29. Ke2 Kd6 30. Bb3 f6 31. f3 h6 32. Bg8 Kc6 33. h4 1-0


[Site "https://www.chess.com"]

[Event "Titled Tuesday Blitz November 01 Late 2022"]
[White "Sarana, Alexey"]
[Black "Ivic, Velimir"]
[WhiteFideId "24133795"]
[BlackFideId "950122"]
[WhiteElo "2689"]
[BlackElo "2625"]
[Result "1-0"]
[Round "10"]
[TimeControl "180+1"]
[Date "2022.11.01"]
[WhiteClock "0:00:06"]
[BlackClock "0:00:03"]

1. c4 e5 2. Nc3 Nc6 3. Nf3 Nf6 4. g3 d5 5. cxd5 Nxd5 6. Bg2 Bc5 7. O-O O-O 8. Qc2 Ndb4 9. Qe4 Bd6 10. a3 Na6 11. b4 Re8 12. d3 f5 13. Qc4+ Be6 14. Qb5 Qc8 15. e3 Nab8 16. Ng5 a5 17. Nxe6 Rxe6 18. Bd5 axb4 19. Qc4 Nd8 20. Nb5 Nbc6 21. Nxd6 cxd6 22. Bb2 bxa3 23. Rxa3 Rxa3 24. Bxa3 Qd7 25. Rb1 Kf7 26. Bxe6+ Nxe6 27. Qd5 Ke7 28. h4 g6 29. Kh2 Qc7 30. Rc1 Qd7 31. Rb1 Qc7 32. Rb2 Qd7 33. Rc2 Qc7 34. d4 exd4 35. exd4 Qd7 36. Rd2 Kf7 37. Rb2 Ke7 38. Kg2 Nexd4 39. Bxd6+ Kf6 40. Rd2 Ne6 41. Qb5 Kf7 42. Qd5 Kf6 43. Rd1 f4 44. Be5+ Nxe5 45. Qxd7 Nxd7 46. Rxd7 fxg3 47. fxg3 h5 48. Rxb7 Nd4 49. Rb6+ Kf5 50. Ra6 Ne6 51. Ra5+ Kf6 52. Kf3 Nd4+ 53. Ke4 Ne6 54. Ra6 Kf7 55. Ke5 Ng7 56. Ra7+ Kf8 57. Kf6 Nf5 58. Ra8# 1-0


[Site "https://www.chess.com"]

[Event "Titled Tuesday Blitz November 01 Late 2022"]
[White "Shipov, Sergei"]
[Black "Fishchuk, Vladyslav"]
[WhiteFideId "4113624"]
[BlackFideId "34122117"]
[WhiteElo "2777"]
[BlackElo "2054"]
[Result "1-0"]
[Round "10"]
[TimeControl "180+1"]
[Date "2022.11.01"]
[WhiteClock "0:00:55"]
[BlackClock "0:00:10"]

1. d4 d5 2. c4 e6 3. Nc3 a6 4. cxd5 exd5 5. Nf3 Nf6 6. Bg5 Be6 7. e3 Nbd7 8. h3 Bd6 9. Bd3 c6 10. O-O O-O 11. Rb1 h6 12. Bf4 Qc7 13. Ne2 Nh5 14. Bxd6 Qxd6 15. b4 b5 16. a4 Nb6 17. a5 Nc4 18. Nc1 Nf6 19. Be2 Ne4 20. Rb3 Bf5 21. Nd3 Rfe8 22. Qc1 Ra7 23. Rd1 g5 24. Bf1 f6 25. Be2 Rg7 26. Nc5 Bc8 27. Nxe4 Rxe4 28. Bd3 Re8 29. Qc2 g4 30. Nh4 gxh3 31. Bg6 Rf8 32. g3 f5 33. Bxf5 Rxg3+ 34. fxg3 Qxg3+ 35. Kh1 Qxh4 36. Rg1+ Kh8 37. Bxc8 Rxc8 38. Qg6 Qe4+ 39. Qxe4 dxe4 40. Rc3 Rf8 41. Rg4 Rf1+ 42. Kh2 Rb1 43. Rxe4 Rxb4 44. Re6 Rb2+ 45. Kxh3 Nxa5 46. d5 b4 47. dxc6 bxc3 48. c7 1-0


[Site "https://www.chess.com"]

[Event "Titled Tuesday Blitz November 01 Late 2022"]
[White "Silva, Caio Henrique Angelico"]
[Black "Roman, Rodrigo"]
[WhiteFideId "22777210"]
[BlackFideId "3701220"]
[WhiteElo "1990"]
[BlackElo "2001"]
[Result "1-0"]
[Round "10"]
[TimeControl "180+1"]
[Date "2022.11.02"]
[WhiteClock "0:00:41"]
[BlackClock "0:01:31"]

1. Nf3 c5 2. g3 Nc6 3. d4 cxd4 4. Nxd4 g6 5. Bg2 Bg7 6. Nxc6 bxc6 7. c4 Nf6 8. O-O O-O 9. Nc3 Rb8 10. e4 d6 11. Rb1 Nd7 12. Qc2 Ba6 13. b3 h5 14. Bb2 h4 15. Ne2 e5 16. Rbd1 Qe7 17. Ba3 c5 18. Nc3 Bb7 19. Nb5 hxg3 20. hxg3 Bc6 21. Nxd6 Rfd8 22. Rd3 a5 23. Rfd1 Kf8 24. Nb5 Nf6 25. Bxc5 Qxc5 26. Rxd8+ Rxd8 27. Rxd8+ Ke7 28. Qd2 Nd7 29. Rc8 Bf6 30. Bh3 Bxb5 31. Rxc5 Nxc5 32. cxb5 Nxe4 33. Qd7+ Kf8 34. b6 Nc5 35. Qc8+ Kg7 36. b7 e4 37. b8=Q Kh6 38. Qxc5 e3 39. Qxe3+ Kg7 40. Qbe5 a4 41. Qxf6+ Kxf6 42. Be6 fxe6 43. bxa4 g5 44. a5 e5 45. a6 Kf5 46. a7 g4 47. a8=Q Kf6 48. Qae4 Kf7 49. a4 Kg8 50. a5 Kf7 51. a6 Ke6 52. a7 Kf7 53. Qxg4 e4 54. a8=Q Ke7 55. Qaxe4+ Kd6 56. Qge6+ Kc7 57. Q4c4+ Kb8 58. Qeb3+ Ka7 59. Qee2 Ka8 60. Qea2# 1-0


[Site "https://www.chess.com"]

[Event "Titled Tuesday Blitz November 01 Late 2022"]
[White "Soto Vega, Jorge"]
[Black "Rosen, Eric"]
[WhiteFideId "3800580"]
[BlackFideId "2032562"]
[WhiteElo "2263"]
[BlackElo "2362"]
[Result "0-1"]
[Round "10"]
[TimeControl "180+1"]
[Date "2022.11.02"]
[WhiteClock "0:00:20"]
[BlackClock "0:00:03"]

1. e4 e5 2. Nf3 Nf6 3. Nxe5 Nc6 4. Nxc6 dxc6 5. d3 Bc5 6. Be2 h5 7. c3 Ng4 8. d4 Qh4 9. g3 Qf6 10. f3 h4 11. Bf4 hxg3 12. Bxg3 Ne3 13. Qd2 Ng2+ 14. Kf2 Bb6 15. Kxg2 Bh3+ 16. Kf2 c5 17. d5 c4+ 18. Ke1 Bg2 19. Rf1 c6 20. Qf4 Qxf4 21. Bxf4 cxd5 22. Nd2 O-O-O 23. exd5 Rxd5 24. Nxc4 Bxf1 25. Nxb6+ axb6 26. Kxf1 g5 27. Bg3 f5 28. f4 Rd2 29. Rb1 Re8 30. Bh5 Re4 31. fxg5 f4 32. Be1 Rxh2 33. Bf3 Re5 34. Kg1 Rh8 35. Bf2 Rxg5+ 36. Kf1 Kc7 37. Rd1 Rh3 38. Ke2 Re5+ 39. Kf1 Rxf3 40. Rd4 Rh3 41. Kg2 Rhh5 42. Rxf4 Kc6 43. Kf3 Rhf5 44. Rxf5 Rxf5+ 45. Ke2 Rd5 46. a4 b5 47. axb5+ Kxb5 48. b3 Rd7 49. Bd4 Kc6 50. Kd3 Rh7 51. c4 Rh3+ 52. Be3 Rh1 53. b4 Rd1+ 54. Kc3 Re1 55. b5+ Kc7 56. Kd4 Rh1 57. Bf4+ Kc8 58. Be3 Rh5 59. Bf4 Kd7 60. Ke4 Rc5 61. Kd4 Rh5 62. Be3 Rf5 63. Kd3 Kc7 64. Bd4 Rf3+ 65. Ke4 Rh3 66. c5 Kc8 67. Kd5 Rh5+ 68. Kc4 Rh1 69. c6 Rc1+ 70. Kd5 bxc6+ 71. bxc6 Rd1 72. Kc5 Rc1+ 73. Kd5 Rh1 74. Kc5 Rh5+ 75. Kd6 Rh6+ 76. Kc5 Rh5+ 77. Kd6 Ra5 78. Bc5 Ra1 79. Bb6 Rd1+ 80. Ke5 Rd2 81. Ke6 Rd3 82. Ke5 Rd1 83. Ba5 Ra1 84. Bb6 Ra6 85. Bc5 Rxc6 86. Kd5 Kd7 87. Bd4 Rg6 88. Kc4 Rc6+ 89. Bc5 Ke6 90. Kb5 Kd5 91. Bb4 Re6 92. Ba5 Re8 93. Kb6 Rb8+ 94. Ka7 Rb5 95. Bc7 Kc6 96. Bd8 Rb7+ 97. Ka6 Rb8 98. Ba5 Ra8# 0-1


[Site "https://www.chess.com"]